 Dungeon Crawl Stone Soup version 0.28-a0-643-g84cb2ea78e (webtiles) character file.

Game seed: 18112173406961788412

84174 shoop the Thaumaturge (level 16, -8/113 HPs)
             Began as a Djinni Air Elementalist on Oct 10, 2021.
             Was the Champion of Zin.
             Mangled by an orc knight (51 damage)
             ... on level 2 of the Orcish Mines.
             The game lasted 01:48:59 (27597 turns).

shoop the Thaumaturge (Djinni Air Elementalist)    Turns: 27597, Time: 01:48:59

Health: -8/113     AC: 13    Str:  9    XL:     16   Next: 26%
Gold:   1704       EV: 16    Int: 36    God:    Zin [******] SH:  0 Dex: 14

rFire   + + .      SeeInvis .   Z - +3 eveningstar (freeze)
rCold   . . .      Faith    .   (no shield)
rNeg    . . .      Spirit   .   M - +0 steam dragon scales
rPois   ∞          Reflect  .   k - +2 helmet
rElec   .          Harm     .   W - +2 cloak
rCorr   .          Rampage  .   K - +1 pair of gloves
Will    +....                   (boots unavailable)
Stlth   +++.......              T - amulet of Ganil {+Blink rC+ Regen+ Int+2}
HPRegen 1.28/turn               N - +6 ring of intelligence
MPRegen 0.00/turn               r - +6 ring of intelligence

@: freezing walls, flying
A: sickness immunity, fire resistance 2, cold vulnerability 1, float, innate
caster, hp casting, extra vitality 1
a: Renounce Religion, Evoke Blink, Recite, Vitalisation, Imprison, Sanctuary,
Donate Gold


You were on level 2 of the Orcish Mines.
You worshipped Zin.
Zin was exalted by your worship.
You visited 4 branches of the dungeon, and saw 20 of its levels.
You also visited: Ossuary, Bailey and Ice Cave.

You collected 1893 gold pieces.
You donated 189 gold pieces to Zin.

Inventory:

Hand Weapons
 j - the +3 falchion of the Magi {speed, rC+}
   (You found it in an ice cave)

   Attacks with this weapon are significantly faster.
   rC:        It protects you from cold.
 Z - a +3 eveningstar of freezing (weapon)
Missiles
 a - 2 throwing nets
 Q - 23 javelins
Armour
 k - a +2 helmet (worn)
 x - the +2 leather armour "Ingax" {rF+ rC+ Str-5}
   (You found it on level 4 of the Dungeon)

   Str:       It affects your strength (-5).
   rF:        It protects you from fire.
   rC:        It protects you from cold.
 K - a +1 pair of gloves (worn)
 M - +0 steam dragon scales (worn)
 W - a +2 cloak (worn)
Magical Staves
 f - a staff of conjuration
Jewellery
 d - an amulet of the acrobat
 r - a +6 ring of intelligence (right hand)
 w - a ring of resist corrosion
 I - a +6 ring of strength
 N - a +6 ring of intelligence (left hand)
 R - a ring of willpower
 T - the amulet of Ganil (around neck) {+Blink rC+ Regen+ Int+2}
   (You found it in an ice cave)

   [amulet of regeneration]

   Int:       It affects your intelligence (+2).
   rC:        It protects you from cold.
   +Blink:    It lets you blink.
   Regen:     It increases your rate of health regeneration.
 X - a ring of willpower
Wands
 n - a wand of paralysis (4)
 u - a wand of flame (112)
 B - a wand of charming (7)
 J - a wand of acid (19)
 L - a wand of iceblast (25)
Scrolls
 b - a scroll of acquirement {unknown}
 g - 9 scrolls of teleportation
 i - 2 scrolls of torment {unknown}
 m - 3 scrolls of enchant weapon {unknown}
 p - 3 scrolls of immolation
 s - 4 scrolls of enchant armour {unknown}
 t - 3 scrolls of amnesia {unknown}
 C - 2 scrolls of summoning
 F - a scroll of fear
 G - a scroll of fog
 H - a scroll of vulnerability {unknown}
 O - a scroll of holy word
 P - 2 scrolls of magic mapping {unknown}
 S - a scroll of blinking {unknown}
Potions
 c - a potion of ambrosia {unknown}
 e - 8 potions of curing
 h - 4 potions of flight {unknown}
 l - 2 potions of haste {unknown}
 o - 6 potions of attraction {unknown}
 q - a potion of heal wounds
 v - 5 potions of cancellation
 z - 2 potions of degeneration {unknown}
 A - 3 potions of berserk rage {unknown}
 D - a potion of invisibility
 E - 3 potions of might
 U - 4 potions of brilliance {unknown}
 V - 2 potions of resistance
Miscellaneous
 y - a phial of floods
 Y - a phantom mirror


   Skills:
 - Level 10.0 Fighting
 - Level 2.0 Armour
 - Level 10.0 Dodging
 - Level 6.1 Stealth
 + Level 14.3 Spellcasting
 - Level 13.0 Invocations
 - Level 8.0 Evocations


You had 9 spell levels left.
You knew the following spells:

 Your Spells              Type           Power      Damage    Failure   Level
a - Shock                 Conj/Air       100%       1d9       0%          1
b - Static Discharge      Conj/Air       92%        N/A       0%          2
c - Swiftness             Air            92%        N/A       0%          3
d - Airstrike             Air            46%        N/A       1%          4
e - Lesser Beckoning      Tloc           92%        N/A       0%          3
f - Wereblood             Tmut           92%        N/A       0%          2
g - Frozen Ramparts       Ice            100%       1d12      0%          3
h - Sticky Flame          Conj/Fire      92%        2d10      1%          4
i - Agony                 Necr           92%        N/A       1%          5
j - Starburst             Conj/Fire      46%        6d13      1%          6
z - Foxfire               Conj/Fire      100%       2x1d9     0%          1
Your spell library was empty.

Dungeon Overview and Level Annotations

Branches:
Dungeon (11/15)            Temple (1/1) D:7            Lair (6/6) D:11
  Swamp (0/4) Lair:4        Snake (0/4) Lair:4        Slime (0/5) Lair:5
    Orc (2/2) D:10            Elf (0/3) Orc:2       Ossuary (visited)
 Bailey (visited)           IceCv (visited)

Altars:
Ashenzari
Cheibriados
Dithmenos
Elyvilon
Fedhas
Gozag
Hepliaklqana
Kikubaaqudgha
Makhleb
Nemelex Xobeh
Okawaru
Qazlal
Ru
Sif Muna
Trog
Uskayaw
Vehumet
Wu Jian
Xom
Yredelemnul
Zin
The Shining One
Beogh
Jiyva

Shops:
D:9 :

Annotations:
D:3 2 transporters, MisterAzrael's ghost, weakling MiFi
D:4 Edmund
D:7 exclusion: cyclops, Redflawlessmoon's ghost, novice TrCK
D:8 exclusions: door and hydra
D:10 2 transporters
D:11 exclusion: 3 centaurs
Orc:2 1 exclusion


Innate Abilities, Weirdness & Mutations

You are immune to sickness and miasma.
You are immune to poison.
Your flesh is very heat resistant. (rF++)
You are vulnerable to cold. (rC-)
You float through the air rather than walking.
You learn spells naturally, not from books.
Your magical power is your life essence.
You have superior vitality. (+4 HP)


Message History

The orc knight hits you but does no damage.
The wall freezes the orc knight!
You kill the orc knight!
The frozen ramparts melt away.
An orc knight is nearby!
Things that are here:
a +0 troll leather armour; a troll corpse The orc knight hits you with a +0 bardiche!!
Casting: Sticky Flame (safe; 1% risk of failure)
Confirm with . or Enter, or press ? or * to list all spells.
Aiming: Sticky Flame (safe; 1% risk of failure)
Press: ? - help, Shift-Dir - straight line, f - orc knight
Aim: an orc knight, wielding a +0 bardiche and wearing a +1 plate armour of willpower (strong, 100% to hit)
The sticky flame hits the orc knight!
The orc knight is lightly wounded.
The orc knight is covered in liquid flames!
The orc knight burns!
The orc knight barely misses you.
Unknown command.
Casting: Sticky Flame (safe; 1% risk of failure)
Confirm with . or Enter, or press ? or * to list all spells.
Casting: Frozen Ramparts (safe; 0% risk of failure)
Press: ? - help, Dir - look around, f - activate The walls around you are covered in ice.
The orc knight burns!
The wall freezes the orc knight.
The orc knight hits you with a +0 bardiche!
Unknown command.
You barely miss the orc knight.
The orc knight is moderately wounded.
The orc knight burns! x2; The wall freezes the orc knight.
The orc knight hits you with a +0 bardiche!!
* * * LOW HITPOINT WARNING * * *
The wall freezes the orc knight.
The orc knight closely misses you.
Unknown command.
You feel much better.
The orc knight burns!
The wall freezes the orc knight.
The orc knight barely misses you.
You puncture the orc knight! You freeze the orc knight.
The orc knight is severely wounded.
The orc knight burns!
The wall freezes the orc knight.
The orc knight hits you with a +0 bardiche!!!
You die...

## #..###...#
#..
##.####........#
#..
#....#.........#
...
#.............#
...
###...........#
...
#...........#
...
##..)........#
...
#..o.))......#
...
##@##.#......#
..o
######.#....#
... #.......#
..o ##......# ..
#.##....# . #..
##...# ##.
#.o.##
##.##...##
#........## ..


You could see an orc knight (strong, burning).

Vanquished Creatures
  A frost giant (IceCv)
  Nessos (Orc:2)
  6 hydras
  2 catoblepae (Lair:6)
  An anaconda (Lair:6)
  4 two-headed ogres
  32 death yaks
  A bog body (Lair:4)
  An orc knight (Orc:2)
  4 manticores
  Maurice (Orc:1)
  14 elephants
  A torpor snail (Lair:4)
  6 black mambas
  An ice statue (IceCv)
  A gargoyle (D:11)
  10 cane toads
  4 rime drakes
  An unseen horror (D:11)
  7 komodo dragons
  4 trolls
  19 polar bears
  8 blink frogs
  2 dream sheep (Lair:6)
  3 raiju (Lair:6)
  2 vampires
  51 yaks
  A wraith (D:11)
  5 wyverns
  Eustachio (D:4)
  3 basilisks
  3 vampire mosquitoes
  A steam dragon (D:8)
  7 wargs
  A naga (Lair:4)
  2 acid dragons
  12 hell hounds (Lair:6)
  Duvessa (D:4)
  16 water moccasins
  A sky beast (D:6)
  22 orc warriors
  13 black bears
  6 ogres
  43 wolves
  11 centaurs
  2 kobold brigands
  12 bullfrogs
  2 gnoll sergeants
  A wyvern zombie (D:9)
  10 scorpions
  Dowan (D:4)
  6 killer bees (D:11)
  12 wights
  4 howler monkeys
  2 centaur zombies
  A bullfrog zombie (D:5)
  2 human zombies (Ossuary)
  A hound (D:4)
  4 jellies
  2 quasits (D:7)
  A bullfrog skeleton (D:5)
  2 gnoll shamans
  14 orc priests
  An iguana (D:6)
  2 scorpion zombies (Ossuary)
  17 orc wizards
  A hound zombie (D:5)
  3 mummies (Ossuary)
  A howler monkey zombie (D:9)
  Robin (D:2)
  12 adders
  28 gnolls
  A white imp (D:8)
  3 ufetubi
  2 adder skeletons (D:4)
  3 worms
  76 orcs
  4 bats
  3 endoplasms (D:2)
  5 giant cockroaches
  3 gnoll zombies (Ossuary)
  24 goblins
  8 hobgoblins
  3 jackals (D:1)
  5 quokkas
  9 ball pythons
  A frilled lizard (D:2)
  3 goblin zombies (Ossuary)
  A hobgoblin zombie (Ossuary)
  A jackal skeleton (D:4)
  13 kobolds
  A kobold zombie (Ossuary)
  2 orc zombies (Ossuary)
  5 rats
658 creatures vanquished.

Vanquished Creatures (collateral kills)
  A torpor snail (Lair:6)
1 creature vanquished.

Vanquished Creatures (others)
  A cane toad (Lair:6)
  913 foxfires
  33 fungi
  47 plants
994 creatures vanquished.

Grand Total: 1653 creatures vanquished

Notes
Turn   | Place    | Note
-------+----------+-------------------------------------------
     0 | D:1      | shoop the Djinni Air Elementalist began the quest for the
                  | Orb.
     0 | D:1      | Reached XP level 1. HP: 15/15 MP: 0/0
   490 | D:1      | Reached XP level 2. HP: 18/21 MP: 0/0
   646 | D:1      | Reached skill level 3 in Spellcasting
   848 | D:1      | Reached XP level 3. HP: 23/25 MP: 0/0
   848 | D:1      | Learned a level 1 spell: Foxfire
  1580 | D:2      | Noticed Robin
  1585 | D:2      | Killed Robin
  1586 | D:2      | Reached XP level 4. HP: 18/31 MP: 0/0
  2506 | D:3      | Found a transporter.
  2559 | D:3      | Reached skill level 4 in Spellcasting
  2625 | D:3      | Reached XP level 5. HP: 20/35 MP: 0/0
  2625 | D:3      | Learned a level 2 spell: Wereblood
  2965 | D:3      | Reached XP level 6. HP: 26/40 MP: 0/0
  3432 | D:3      | Noticed MisterAzrael's ghost (weakling MiFi)
  3434 | D:3      | Found a transporter.
  3579 | D:4      | Noticed Duvessa
  3586 | D:4      | Killed Duvessa
  3586 | D:4      | Noticed Dowan
  3587 | D:4      | Reached skill level 5 in Spellcasting
  3590 | D:4      | Killed Dowan
  3591 | D:4      | Reached XP level 7. HP: 34/45 MP: 0/0
  3591 | D:4      | Learned a level 3 spell: Lesser Beckoning
  3622 | D:4      | Identified the +2 leather armour "Ingax" {rF+ rC+ Str-5}
  3854 | D:4      | Reached skill level 6 in Spellcasting
  3886 | D:4      | Found a sand-covered staircase.
  3894 | Ossuary  | Entered an ossuary
  4226 | Ossuary  | Reached XP level 8. HP: 40/50 MP: 0/0
  4404 | Ossuary  | Reached skill level 7 in Spellcasting
  4885 | Ossuary  | Reached skill level 8 in Spellcasting
  5010 | D:4      | Noticed Edmund
  5207 | D:4      | Reached XP level 9. HP: 43/55 MP: 0/0
  5207 | D:4      | Learned a level 3 spell: Frozen Ramparts
  5208 | D:4      | Noticed Eustachio
  5277 | D:4      | Killed Eustachio
  6188 | D:5      | Entered Level 5 of the Dungeon
  6213 | D:5      | Reached skill level 9 in Spellcasting
  7670 | D:6      | Reached skill level 10 in Spellcasting
  8230 | D:6      | Reached XP level 10. HP: 14/60 MP: 0/0
  9037 | D:7      | Found a transporter.
  9171 | D:7      | Found a staircase to the Ecumenical Temple.
  9197 | Temple   | Entered the Ecumenical Temple
  9309 | Temple   | Became a worshipper of Zin the Law-Giver
  9309 | Temple   | Reached * piety under Zin
  9391 | D:7      | Reached skill level 1 in Armour
  9420 | D:7      | Reached skill level 1 in Fighting
  9420 | D:7      | Reached skill level 1 in Evocations
  9552 | D:7      | Reached ** piety under Zin
  9553 | D:7      | Found a transporter.
  9625 | D:7      | Noticed a cyclops
  9737 | D:7      | Noticed Redflawlessmoon's ghost (novice TrCK)
  9786 | D:8      | Noticed a two-headed ogre
  9878 | D:7      | Reached skill level 1 in Invocations
 10696 | D:8      | Noticed a six-headed hydra
 10883 | D:8      | Noticed a komodo dragon
 10887 | D:8      | HP: 2/64 [komodo dragon (28)]
 11235 | D:8      | Killed a two-headed ogre
 11328 | D:8      | Noticed a death knight
 11348 | D:9      | Noticed a two-headed ogre
 11353 | D:9      | Killed a two-headed ogre
 11451 | D:9      | Found Qaps's Book Shoppe.
 11490 | D:9      | Reached XP level 11. HP: 52/68 MP: 0/0
 11490 | D:9      | Learned a level 4 spell: Sticky Flame
 11616 | D:9      | Reached skill level 5 in Dodging
 11638 | D:9      | Found a flagged portal.
 11817 | Bailey   | Entered a bailey
 11976 | Bailey   | Reached *** piety under Zin
 12368 | Bailey   | Reached skill level 5 in Stealth
 12368 | Bailey   | Reached skill level 5 in Invocations
 13368 | Bailey   | Reached XP level 12. HP: 84/84 MP: 0/0
 14177 | D:10     | Entered Level 10 of the Dungeon
 15085 | D:10     | Reached **** piety under Zin
 15124 | D:10     | Found a white marble altar of Elyvilon.
 15296 | D:10     | Found a staircase to the Orcish Mines.
 15371 | D:10     | Found a transporter.
 15372 | D:10     | Found a transporter.
 15372 | D:10     | Noticed a boulder beetle
 15697 | D:10     | Noticed a two-headed ogre
 15732 | D:10     | Killed a two-headed ogre
 15800 | D:11     | Noticed a two-headed ogre
 15805 | D:11     | Killed a two-headed ogre
 16405 | D:11     | Found a staircase to the Lair.
 16674 | Orc:1    | Entered Level 1 of the Orcish Mines
 16758 | Orc:1    | Reached ***** piety under Zin
 16759 | Orc:1    | You are sucked into a shaft and drop 1 floor!
 16759 | Orc:2    | Entered Level 2 of the Orcish Mines
 16961 | Orc:2    | Noticed Nessos
 17121 | Orc:2    | Noticed Maurice
 17464 | D:11     | Reached XP level 13. HP: 82/90 MP: 0/0
 17464 | D:11     | Learned a level 5 spell: Agony
 17718 | Lair:1   | Entered Level 1 of the Lair of Beasts
 17913 | Lair:1   | You are sucked into a shaft and drop 1 floor!
 18623 | Lair:3   | Reached skill level 10 in Invocations
 18640 | Lair:3   | Reached skill level 11 in Spellcasting
 18739 | Lair:3   | Noticed a seven-headed hydra
 18745 | Lair:3   | Killed a seven-headed hydra
 18797 | Lair:3   | Found a frozen archway.
 18885 | Lair:3   | Reached skill level 10 in Dodging
 18974 | IceCv    | Entered an ice cave
 19800 | IceCv    | Identified the +3 falchion of the Magi {speed, rC+}
 20341 | IceCv    | Noticed a frost giant
 20452 | IceCv    | Reached skill level 12 in Spellcasting
 20845 | IceCv    | Killed a frost giant
 20846 | IceCv    | Reached XP level 14. HP: 53/101 MP: 0/0
 21693 | IceCv    | Identified the amulet of Ganil {+Blink rC+ Regen+ Int+2}
 22548 | Lair:3   | Reached skill level 10 in Fighting
 22723 | Lair:3   | Reached skill level 5 in Evocations
 22984 | Lair:3   | Reached ****** piety under Zin
 23126 | Lair:4   | Found a staircase to the Snake Pit.
 23599 | Lair:4   | Found a staircase to the Swamp.
 23921 | Lair:5   | Identified the +5 hand crossbow of the Forsaken Bones
                  | {elec, Will- Str+7 Dex+2}
 23996 | Lair:5   | Found a staircase to the Slime Pits.
 23997 | Lair:5   | Found a viscous altar of Jiyva.
 24282 | Lair:6   | Entered Level 6 of the Lair of Beasts
 24302 | Lair:6   | Reached XP level 15. HP: 102/107 MP: 0/0
 24302 | Lair:6   | Learned a level 6 spell: Starburst
 25427 | Lair:6   | Reached skill level 13 in Spellcasting
 25946 | Lair:6   | HP: 2/107 [death yak (22)]
 26121 | Lair:6   | Identified the +1 scale mail "Kuck" {rElec rN++ Str+3}
 26282 | Lair:6   | Reached XP level 16. HP: 91/113 MP: 0/0
 26506 | Lair:6   | Reached skill level 14 in Spellcasting
 27029 | Orc:1    | Killed Maurice
 27077 | Orc:2    | Killed Nessos
 27360 | Orc:2    | Found a staircase to the Elven Halls.
 27597 | Orc:2    | Mangled by an orc knight

Illustrated notes

Levels and vault maps discovered:
D:1:      amcnicky_arrival_wind_blow, layout_basic
D:2:      layout_loops_ring, dk_vineyard_1, uniq_robin
D:3:      cheibrodos_pilgrimage, layout_loops_ring, gammafunk_ghost_mausoleum,
          glass_columns_a, chequers_serial_rivers_micro_a,
          grunt_decor_arrowhead, minmay_liquid_box
D:4:      layout_layer_cave, lightli_ossuary_entry_decrepit_ruins, uniq_duvessa,
          uniq_edmund, uniq_eustachio
D:5:      layout_basic, minmay_holes, kennysheep_cluttered_room
D:6:      layout_cave_pods
D:7:      layout_rooms, minmay_temple_entry_proselytizer,
          gammafunk_ghost_stat_death
D:8:      minmay_the_grid_triangle_9x9_recursive_2
          [minmay_the_grid_triangle_9x9_prize_schism,
          minmay_the_grid_triangle_9x9_alien,
          minmay_the_grid_triangle_9x9_corrupted_corridor,
          minmay_the_grid_triangle_9x9_pentomino_pain], layout_rooms,
          roderic_roman_lattice
D:9:      layout_basic, enter_bailey_5, serial_shops, nicolae_lakefront_shop,
          lemuel_old_faithful
D:10:     gammafunk_boulding_lane, layout_layer_cave,
          mainiacjoe_overflow_six_doors_small
D:11:     layout_stronghold, david_lair_generic
Temple:   kilobyte_greek_temple
Lair:1:   layout_regular_city, minivault_19, cheibrodos_lair_reptile_den
Lair:2:   layout_roguey, serial_bayou_pond_b
Lair:3:   layout_concentric_octagons, portal_ice_cave_entry_pillars_2,
          minivault_27, nicolae_lair_grove_arrangements, grunt_megastairs_5,
          infiniplex_staircase_pool_2, serial_bayou_shore_b
Lair:4:   layout_regular_city, skrybe_swamp_entry_bodies,
          guppyfry_snake_entry_garden, grunt_megastairs_3,
          infiniplex_staircase_pool
Lair:5:   layout_loops_ring, slime_altar_1, kennysheep_catoblepas_arena
Lair:6:   hangedman_lair_caniforms_friends, layout_long_grid,
          hangedman_lair_in_review, serial_bayou_shore_b
Orc:1:    layout_caves, mines2_david
Orc:2:    st_orc_pillars, layout_caves, basic_altar, uniq_maurice, uniq_nessos

Skill      XL: |  1  2  3  4  5  6  7  8  9 10 11 12 13 14 15 16 |
---------------+-------------------------------------------------+-----
Stealth        | 2 4 5 6 |  6.1
Spellcasting   | 3 4 5 6 8 10 12 13 14 | 14.3
Armour         | 2 |  2.0
Fighting       | 2 6 7 9 10 | 10.0
Evocations     | 3 8 |  8.0
Invocations    | 3 6 9 10 11 13 | 13.0
Dodging        | 4 8 9 10 | 10.0

Action                   |  1- 3 |  4- 6 |  7- 9 | 10-12 | 13-15 | 16-18 || total
-------------------------+-------+-------+-------+-------+-------+-------++-------
Melee: Staff             |       |     1 |     1 |       |       |       ||     2
       Trident           |       |     5 |     1 |       |       |       ||     6
       Whip              |       |       |    31 |    19 |       |       ||    50
       Dagger            |       |       |       |    36 |   126 |       ||   162
       Falchion          |       |       |       |       |    39 |       ||    39
       Eveningstar       |       |       |       |       |   274 |    93 ||   367
 Cast: Shock             |    67 |    39 |    31 |    87 |    60 |     7 ||   291
       Foxfire           |     2 |    34 |   249 |   237 |     9 |       ||   531
       Static Discharge  |       |     5 |    16 |    26 |    45 |     2 ||    94
       Frozen Ramparts   |       |       |    11 |    24 |   111 |    21 ||   167
       Airstrike         |       |       |       |    73 |   193 |    16 ||   282
       Swiftness         |       |       |       |       |     1 |       ||     1
       Starburst         |       |       |       |       |     4 |       ||     4
       Sticky Flame      |       |       |       |       |     3 |    22 ||    25
Invok: Recite            |       |       |       |     3 |       |     1 ||     4
       Imprison          |       |       |       |     1 |     1 |       ||     2
       Vitalisation      |       |       |       |       |     1 |       ||     1
       Sanctuary         |       |       |       |       |       |     1 ||     1
 Abil: Evoke Blink       |       |       |       |       |     1 |       ||     1
Evoke: Wand              |       |       |       |       |     2 |       ||     2
       Phantom mirror    |       |       |       |       |     1 |       ||     1
  Use: Scroll            |       |       |     5 |     3 |     5 |     1 ||    14
       Potion            |       |       |       |     1 |     4 |     1 ||     6
 Stab: Sleeping          |       |       |       |       |     2 |       ||     2
Armor: Robe              |     4 |       |       |       |       |       ||     4
       Animal skin       |       |     5 |       |       |       |       ||     5
       Leather armour    |       |       |    15 |    29 |    36 |       ||    80
       Troll leather arm |       |       |       |     8 |    36 |       ||    44
       Steam dragon scal |       |       |       |       |   149 |    66 ||   215
Dodge: Dodged            |     9 |     3 |    23 |    85 |   447 |   131 ||   698

Table legend: (Time is in decaauts)
 A = Elapsed time spent in this place.
 B = Non-inter-level travel time spent in this place.
 C = Inter-level travel time spent in this place.
 D = Time resting spent in this place.
 E = Time spent auto-exploring this place.
 F = Levels seen in this place.
 G = Mean time per level.
                   A        B        C        D        E       F      G
               +--------+--------+--------+--------+--------+-----+--------+
         Total |  27811 |  27002 |    809 |   3929 |  16754 |  23 | 1209.2 |
       Dungeon |  14467 |  13899 |    568 |   1220 |  10340 |  11 | 1315.2 |
        Temple |    152 |    112 |     40 |      0 |     98 |   1 |  152.0 |
          Lair |   5877 |   5699 |    178 |    171 |   3282 |   6 |  979.5 |
  Orcish Mines |   1118 |   1095 |     23 |    145 |    471 |   2 |  559.0 |
       Ossuary |   1106 |   1106 |      0 |    119 |    728 |   1 | 1106.0 |
        Bailey |   1589 |   1589 |      0 |    214 |   1007 |   1 | 1589.0 |
      Ice Cave |   3499 |   3499 |      0 |   2060 |    828 |   1 | 3499.0 |
               +--------+--------+--------+--------+--------+-----+--------+

Top non-repeatable levels by time:
   IceCv: 3499 daAuts
  Lair:6: 2690 daAuts
    D:10: 1943 daAuts
     D:3: 1638 daAuts
  Bailey: 1589 daAuts
     D:6: 1466 daAuts
     D:5: 1329 daAuts
     D:9: 1272 daAuts
     D:1: 1228 daAuts
     D:4: 1194 daAuts
     D:7: 1193 daAuts
    D:11: 1152 daAuts
 Ossuary: 1106 daAuts
     D:2: 1024 daAuts
     D:8: 1022 daAuts
